[Event "Team 45 45 League T43"]
[Site "Internet Chess Club"]
[Date "2009.11.06"]
[Round "2"]
[White "TroyO"]
[Black "DrOMM"]
[Result "1/2-1/2"]
[WhiteElo "1354"]
[BlackElo "1267"]
[Opening "Caro-Kann: classical variation"]
[ECO "B18"]
[Time "16:01:01"]
[TimeControl "2700+45"]

1. e4 c6 2. d4 d5 3. Nc3 dxe4 4. Nxe4 Bf5 5. Ng3 Bg6 6. Bc4 e6 7. Nf3 Nd7 8. O-O
h6 9. Bd3 Ne7 10. Re1 Qb6 11. Ne5 Nxe5 12. dxe5 Bxd3 13. Qxd3 Ng6 14. b3 Rd8 15.
Qe4 Bb4 16. Be3 Qa5 17. Red1 Bc3 18. Rxd8+ Qxd8 19. Rb1 Bxe5 20. Bxa7 Qa5 21.
Qa4 Qc3 22. Qc4 Qa5 23. Qa4 Qc3 24. Qc4 Qa5 25. Qa4 Qc3 26. Qc4 {Game drawn by
repetition} 1/2-1/2

[Event "Team 45 45 League T43"]
[Site "Internet Chess Club"]
[Date "2009.11.09"]
[Round "2"]
[White "ars-felidae"]
[Black "wrimle"]
[Result "0-1"]
[WhiteElo "1263"]
[BlackElo "1533"]
[Opening "Caro-Kann: classical variation"]
[ECO "B18"]
[Time "12:03:13"]
[TimeControl "2700+45"]

1. e4 c6 2. d4 d5 3. Nc3 dxe4 4. Nxe4 Bf5 5. Ng3 Bg6 6. Nf3 Nd7 7. Bd3 Bxd3 8.
Qxd3 e6 9. O-O Be7 10. Ne4 Ngf6 11. Re1 Nxe4 12. Rxe4 Nf6 13. Re2 Qb6 14. b3
O-O-O 15. Bf4 Nd5 16. Bg3 Bf6 17. Rd1 Nb4 18. Qc4 Nxa2 19. d5 Nc3 20. Red2 Nxd1
21. dxc6 Qxc6 22. Qf4 Rxd2 23. Nxd2 Rd8 24. Ne4 Be7 25. Qxf7 Qxe4 26. h3 Qe1+
27. Kh2 Bd6 28. Bxd6 Rxd6 29. Qf8+ Rd8 30. Qc5+ Kb8 31. Qe7 Qe5+ 32. Kg1 Qc7 33.
Qh4 Nc3 34. g3 g6 35. Qf6 e5 36. Kf1 Rd1+ 37. Kg2 Qc6+ 38. f3 Rd2+ 39. Kf1 Qxf6
{White resigns} 0-1

[Event "Team 45 45 League T43"]
[Site "Internet Chess Club"]
[Date "2009.11.05"]
[Round "2"]
[White "EyeAm"]
[Black "SCUGrad"]
[Result "1-0"]
[WhiteElo "1587"]
[BlackElo "1344"]
[Opening "Giuoco Piano: Bird's attack"]
[ECO "C54"]
[Time "19:30:17"]
[TimeControl "2700+45"]

1. e4 e5 2. Nf3 Nc6 3. Bc4 Bc5 4. c3 Nf6 5. b4 Bb6 6. d3 d6 7. a4 a5 8. b5 Ne7
9. O-O Bg4 10. Bg5 h6 11. Bxf6 gxf6 12. h3 Bd7 13. Nh4 Qc8 14. Qh5 Rh7 15. Kh2
Be6 16. Nd2 Qd7 17. Qf3 f5 18. exf5 Nxf5 19. Bxe6 fxe6 20. Nxf5 exf5 21. Qxb7
Qc8 22. Qc6+ Kf8 23. Nc4 Rb8 24. f4 exf4 25. Rxf4 Rf7 26. Qd5 Kg7 27. Raf1 Kg6
28. g4 Qd7 {Black resigns} 1-0

[Event "Team 45 45 League T43"]
[Site "Internet Chess Club"]
[Date "2009.11.07"]
[Round "2"]
[White "wekabird"]
[Black "AtomicDog"]
[Result "1-0"]
[WhiteElo "1275"]
[BlackElo "1321"]
[Opening "English opening"]
[ECO "A17"]
[Time "20:00:18"]
[TimeControl "2700+45"]

1. c4 Nf6 2. Nc3 e6 3. g3 c6 4. a3 d5 5. cxd5 exd5 6. e3 Bd6 7. Nf3 O-O 8. h3
Bf5 9. d4 Nbd7 10. Bg2 Qc7 11. O-O Ne4 12. Nxe4 Bxe4 13. Bd2 Nf6 14. Bb4 Rfe8
15. Bxd6 Qxd6 16. Nd2 Re6 17. Nxe4 Nxe4 18. Bxe4 Rxe4 19. Qf3 Rf8 20. b4 f5 21.
Rad1 Qh6 22. Kh2 Qd6 23. Rg1 Rh4 24. Kg2 Rh6 25. Qf4 Qd8 26. Kh2 g5 27. Qe5 Rff6
28. g4 fxg4 29. Rxg4 Rxf2+ 30. Kg3 Rf3+ 31. Kxf3 Rxh3+ 32. Kg2 Rh5 33. Rh1 Rxh1
34. Kxh1 h6 35. Kg2 Kh7 36. Qf5+ Kg7 37. Qe5+ Kh7 38. Qe6 Qf8 39. Rg3 Qg7 40.
Rf3 {Black forfeits on time} 1-0

[Event "Team 45 45 League T43"]
[Site "Internet Chess Club"]
[Date "2009.11.08"]
[Round "2"]
[White "vishnugupta"]
[Black "WilmaP"]
[Result "1-0"]
[WhiteElo "1209"]
[BlackElo "1154"]
[Opening "French defense"]
[ECO "C00"]
[Time "13:12:38"]
[TimeControl "2700+45"]

1. e4 e6 2. Nc3 c5 3. e5 Nc6 4. Nf3 Qc7 5. d4 Qb6 6. Na4 Qa5+ 7. c3 cxd4 8. Bd2
Nxe5 9. cxd4 Nxf3+ 10. gxf3 Qd5 11. Bc3 Nf6 12. Bg2 Ng4 13. O-O Nf6 14. Qb3 b5
15. Qxd5 Nxd5 16. Nc5 b4 17. Bd2 Bd6 18. f4 Rb8 19. Rfe1 O-O 20. f5 Bf4 21. Bc1
f6 22. fxe6 dxe6 23. Bxd5 Bxc1 24. Nxe6 Bxe6 25. Rxe6 Bxb2 26. Rxf6+ Kh8 27.
Rxf8+ Rxf8 28. Rb1 Bxd4 29. Rf1 h6 30. Kg2 Rf5 31. f3 Rxd5 32. f4 g6 33. h4 Be3
34. Rf3 Rd2+ 35. Kh3 Bc5 36. f5 gxf5 37. Rxf5 Be7 38. Ra5 Rd3+ 39. Kg4 Bd6 40.
Rxa7 Rg3+ 41. Kh5 Bf4 42. Rf7 Bd2 43. Ra7 Be1 44. Kxh6 Bd2+ 45. Kh5 Be3 46. Re7
Rh3 47. Kg4 Bc5 48. Re8+ Kg7 49. Kxh3 Kf7 50. Re5 Bd6 51. Rf5+ Kg6 52. Kg4 Be7
53. h5+ Kg7 54. Rb5 Kf7 55. Kf3 Kg7 56. Ke2 Kh6 57. Kd3 Bg5 58. Rxg5 Kxg5 59.
Kc4 Kxh5 60. Kxb4 Kg6 61. Kb5 Kf7 62. a4 Ke7 63. Kb6 Kd8 64. Kb7 Kd7 65. a5 Kd6
66. a6 Kc5 67. a7 Kb5 68. a8=Q {Black resigns} 1-0

[Event "Team 45 45 League T43"]
[Site "Internet Chess Club"]
[Date "2009.11.06"]
[Round "2"]
[White "RancidTurnip"]
[Black "NewfieKnight"]
[Result "0-1"]
[WhiteElo "1246"]
[BlackElo "1305"]
[Opening "Scotch game"]
[ECO "C45"]
[Time "13:00:23"]
[TimeControl "2700+45"]

1. e4 e5 2. Nf3 Nc6 3. d4 exd4 4. Nxd4 Qf6 5. Nxc6 Qxc6 6. Nc3 Bc5 7. Bc4 Nf6 8.
f3 O-O 9. a3 a6 10. b4 b5 11. Bb3 Ba7 12. Bb2 Qb6 13. Nd5 Qf2# {White
checkmated} 0-1

[Event "Team 45 45 League T43"]
[Site "Internet Chess Club"]
[Date "2009.11.06"]
[Round "2"]
[White "damnwrite"]
[Black "jocooper"]
[Result "1-0"]
[WhiteElo "1155"]
[BlackElo "1153"]
[Opening "Pirc: classical (two knights) system"]
[ECO "B08"]
[Time "21:00:14"]
[TimeControl "2700+45"]

1. e4 d6 2. d4 Nf6 3. Nc3 g6 4. Nf3 Bg7 5. Bd3 O-O 6. O-O c6 7. e5 dxe5 8. dxe5
Ng4 9. Re1 Be6 10. Ng5 Nxe5 11. Nxe6 fxe6 12. Ne4 Ng4 13. Qxg4 Nd7 14. Ng5 Rf6
15. Nxe6 Qb6 16. Be3 c5 17. Nxg7 Ne5 18. Qe4 Qd6 19. Bh6 Rb8 20. Bc4+ Nxc4 21.
Qxc4+ Rf7 22. Rad1 Qc7 23. Bf4 Qxf4 24. Qxf4 Rxf4 25. Rxe7 Rf6 26. Rdd7 Rbf8 27.
Ne6 R8f7 28. Rd8+ Rf8 29. Nxf8 Rxf8 30. Rxf8+ Kxf8 31. Rxh7 {Black resigns} 1-0

[Event "Team 45 45 League T43"]
[Site "Internet Chess Club"]
[Date "2009.11.05"]
[Round "2"]
[White "Traho"]
[Black "dxf"]
[Result "0-1"]
[WhiteElo "1297"]
[BlackElo "1142"]
[Opening "Réti opening"]
[ECO "A04"]
[Time "11:17:58"]
[TimeControl "2700+45"]

1. Nf3 e6 2. g3 Nf6 3. Bg2 Nc6 4. O-O Bc5 5. d3 O-O 6. Nbd2 b6 7. e4 Ba6 8. Nb3
Be7 9. h3 e5 10. Re1 Bb4 11. c3 Be7 12. d4 Bd6 13. dxe5 Bxe5 14. Nxe5 Nxe5 15.
Bf1 Bb7 16. Bg2 Ba6 17. Bf4 Nd3 18. Re3 Nxb2 19. Qc2 Nc4 20. Ree1 Bb7 21. Nd2
Na3 22. Qb3 Qe7 23. Qb4 Qxb4 24. cxb4 Nc2 25. Rab1 Nxe1 26. Rxe1 d6 27. f3 Nh5
28. e5 Nxf4 29. gxf4 Rfe8 30. Nc4 Bd5 31. Rc1 Bxc4 32. Rxc4 dxe5 33. Rc1 exf4
34. Rxc7 Rec8 35. Re7 Re8 36. Rc7 g6 37. Rc4 g5 38. h4 Rac8 39. Rd4 Re1+ 40. Kh2
Rc2 41. h5 Ree2 42. h6 Rxg2+ 43. Kh3 Rgd2 44. Re4 Rh2+ 45. Kg4 Rxh6 46. Kxg5
Rg6+ 47. Kf5 Rxa2 48. Rxf4 Ra4 49. Ke5 a5 50. Rd4 axb4 51. Kd5 b5 52. Kc5 b3 53.
Kxb5 Rxd4 {White resigns} 0-1

[Event "Team 45 45 League T43"]
[Site "Internet Chess Club"]
[Date "2009.11.10"]
[Round "2"]
[White "hcarstens"]
[Black "WannaB"]
[Result "1-0"]
[WhiteElo "1213"]
[BlackElo "985"]
[Opening "Blackmar gambit"]
[ECO "B01"]
[Time "21:59:58"]
[TimeControl "2700+45"]

1. e4 d5 2. d4 dxe4 3. Nc3 Nf6 4. Bc4 e6 5. Bg5 Be7 6. Nge2 c6 7. O-O b5 8. Bb3
O-O 9. Ng3 Ba6 10. Qd2 b4 11. Nce2 c5 12. c3 c4 13. Bc2 Nd5 14. Bxe7 Qxe7 15.
Bxe4 f5 16. Bf3 f4 17. Ne4 Nc6 18. Nc5 Bc8 19. Bxd5 exd5 20. Nxf4 bxc3 21. bxc3
a5 22. Nxd5 a4 23. Nxe7+ Nxe7 24. Qe2 Nd5 25. Qxc4 Rf5 26. Rae1 Ba6 27. Nxa6 Kh8
28. Nc7 Rc8 29. Re5 Rxe5 30. dxe5 Nb6 31. Qf7 a3 32. e6 Na4 33. e7 h6 34. e8=Q+
Rxe8 35. Nxe8 Nb6 36. Qxg7# {Black checkmated} 1-0

[Event "Team 45 45 League T43"]
[Site "Internet Chess Club"]
[Date "2009.11.08"]
[Round "2"]
[White "CoasterBrake"]
[Black "LeanSixSigma"]
[Result "0-1"]
[WhiteElo "1216"]
[BlackElo "1363"]
[Opening "English opening"]
[ECO "A16"]
[Time "17:00:41"]
[TimeControl "2700+45"]

1. c4 Nf6 2. Nc3 g6 3. Nf3 Bg7 4. g3 O-O 5. Bg2 d5 6. d3 c6 7. cxd5 Nxd5 8. Nxd5
cxd5 9. O-O e6 10. d4 Nd7 11. Bf4 Qb6 12. Qd2 Nf6 13. e3 Ne4 14. Qc2 Bd7 15.
Rab1 Rfc8 16. Qe2 Bb5 17. Qc2 {White resigns} 0-1

[Event "Team 45 45 League T43"]
[Site "Internet Chess Club"]
[Date "2009.11.09"]
[Round "2"]
[White "kabubi"]
[Black "otib2006"]
[Result "0-1"]
[WhiteElo "1189"]
[BlackElo "1217"]
[Opening "Sicilian, Chekhover variation"]
[ECO "B53"]
[Time "15:00:14"]
[TimeControl "2700+45"]

1. e4 c5 2. Nf3 d6 3. d4 cxd4 4. Qxd4 Nc6 5. Bb5 Bd7 6. Bxc6 Bxc6 7. Nc3 Nf6 8.
Bg5 e6 9. O-O-O Be7 10. e5 dxe5 11. Qxe5 Qb6 12. Nd4 O-O 13. f3 h6 14. Be3 Bc5
15. Rhe1 Rad8 16. Nxc6 Rxd1+ 17. Nxd1 Bxe3+ 18. Nxe3 Qxc6 19. Rd1 Nd7 20. Qa5
Qb6 21. Nc4 Qxa5 22. Nxa5 b6 23. Rxd7 bxa5 24. Rxa7 e5 25. Rxa5 Re8 26. b4 e4
27. fxe4 Rxe4 28. c3 Re1+ 29. Kd2 Rh1 30. a4 Rxh2 31. b5 Rxg2+ 32. Kd3 Rb2 33.
c4 h5 34. Kc3 Rb1 35. Kc2 Rb4 36. c5 Rc4+ 37. Kd3 Rxc5 38. Ra8+ Kh7 39. b6 Rd5+
40. Ke4 Rd7 41. Ra7 Rd6 42. a5 f5+ 43. Kxf5 Rd5+ 44. Ke4 Rb5 45. Kd4 h4 46. Rf7
Rxa5 47. b7 Rb5 48. Kc4 Rb2 49. Kc3 Rb1 50. Kc2 Rb6 51. Kc3 h3 52. Rf5 Rxb7 53.
Rh5+ Kg8 54. Rxh3 Ra7 55. Kd3 Ra3+ {White resigns} 0-1

[Event "Team 45 45 League T43"]
[Site "Internet Chess Club"]
[Date "2009.11.05"]
[Round "2"]
[White "farbror"]
[Black "jjaillet2007"]
[Result "0-1"]
[WhiteElo "1227"]
[BlackElo "1264"]
[Opening "Queen's pawn game"]
[ECO "D02"]
[Time "23:00:19"]
[TimeControl "2700+45"]

1. d4 d5 2. Nf3 e6 3. e3 c5 4. c3 Nc6 5. Bd3 Nf6 6. O-O Bd6 7. Nbd2 O-O 8. Re1
cxd4 9. exd4 Re8 10. Ne5 Qc7 11. Ndf3 Nd7 12. Bf4 f6 13. Nxc6 bxc6 14. Bxd6 Qxd6
15. Qc2 Nf8 16. Re3 e5 17. Rae1 e4 18. Bxe4 dxe4 19. Rxe4 Rxe4 20. Rxe4 Bf5 21.
Qb3+ Qd5 22. Qxd5+ cxd5 23. Re7 Bg6 24. g4 a5 25. Nh4 Bb1 26. a3 Ng6 27. Nxg6
hxg6 28. Rd7 Be4 29. h4 Bf3 30. g5 f5 31. Rd6 Kh7 32. Kh2 f4 33. Rd7 Re8 34. Kg1
Re1+ 35. Kh2 Rh1# {White checkmated} 0-1

[Event "Team 45 45 League T43"]
[Site "Internet Chess Club"]
[Date "2009.11.08"]
[Round "2"]
[White "PsyMar"]
[Black "Cicero"]
[Result "1-0"]
[WhiteElo "1155"]
[BlackElo "1159"]
[Opening "Alekhine's defense"]
[ECO "B03"]
[Time "12:00:17"]
[TimeControl "2700+45"]

1. e4 Nf6 2. e5 Nd5 3. d4 d6 4. c4 Nb6 5. Nf3 e6 6. Nc3 Nc6 7. a4 Nxc4 8. Bxc4
d5 9. Bb5 Bd7 10. O-O Bb4 11. Bxc6 Bxc6 12. Bg5 f6 13. exf6 gxf6 14. Bf4 Rg8 15.
Nb5 Bd6 16. Nxd6+ cxd6 17. Re1 Kd7 18. b4 b6 19. b5 Bb7 20. Qe2 Ke7 21. Qxe6+
Kf8 22. Bh6+ Rg7 23. Bxg7+ Kxg7 24. Qg4+ {Black resigns} 1-0

[Event "Team 45 45 League T43"]
[Site "Internet Chess Club"]
[Date "2009.11.10"]
[Round "2"]
[White "Visin"]
[Black "Toalla"]
[Result "1-0"]
[WhiteElo "1243"]
[BlackElo "1174"]
[Opening "Caro-Kann: Bronstein-Larsen variation"]
[ECO "B16"]
[Time "07:18:42"]
[TimeControl "2700+45"]

1. e4 c6 2. d4 d5 3. Nc3 dxe4 4. Nxe4 Nf6 5. Nxf6+ gxf6 6. Bc4 e6 7. Nf3 Nd7 8.
c3 Bd6 9. Bd3 Nb6 10. Bh6 Bf8 11. Qd2 Qe7 12. O-O Bd7 13. c4 O-O-O 14. c5 Nd5
15. Rfb1 f5 16. b4 Bxh6 17. Qxh6 Qf6 18. Qxf6 Nxf6 19. b5 Nd5 20. Ne5 Rhf8 21.
bxc6 bxc6 22. Rb3 f6 23. Ba6+ {Black resigns} 1-0

[Event "Team 45 45 League T43"]
[Site "Internet Chess Club"]
[Date "2009.11.06"]
[Round "2"]
[White "ffplayer"]
[Black "Tamarin"]
[Result "1/2-1/2"]
[WhiteElo "1174"]
[BlackElo "1203"]
[Opening "QGD: 4.Bg5"]
[ECO "D50"]
[Time "23:58:46"]
[TimeControl "2700+45"]

1. d4 d5 2. c4 Nf6 3. Nc3 e6 4. Bg5 Nc6 5. Nf3 Be7 6. e3 h6 7. Bh4 Ne4 8. Bxe7
Nxe7 9. Rc1 Nxc3 10. Rxc3 O-O 11. Bd3 Bd7 12. O-O Re8 13. Rc1 dxc4 14. Bxc4 Bc6
15. Be2 Nf5 16. Ne5 Bd5 17. b3 Qg5 18. Bf3 Bxf3 19. Nxf3 Qg6 20. Rxc7 f6 21. Rc1
Red8 22. e4 Ne7 23. Re1 e5 24. d5 f5 25. Nxe5 Qf6 26. f4 fxe4 27. Rxe4 Nxd5 28.
Qf1 Qf5 29. Qe1 Nxf4 30. Nf3 Nd3 31. Nh4 Qf7 32. Qd2 Nxc1 33. Qxc1 Rd7 34. Re1
Rad8 35. Nf3 Qf6 36. Qc4+ Kh8 37. Qc1 Qb6+ 38. Kh1 Qf2 39. Rf1 Qxa2 40. Ne5 Qxb3
41. Nxd7 Qb5 42. Rf8+ Rxf8 43. Nxf8 Qf5 44. Ng6+ Qxg6 45. Qc8+ Kh7 46. h3 b5 47.
Qc3 Qb1+ 48. Kh2 b4 49. Qc5 b3 50. Qxa7 b2 51. Qf2 Qe4 52. Qxb2 {Game drawn by
mutual agreement} 1/2-1/2

[Event "Team 45 45 League T43"]
[Site "Internet Chess Club"]
[Date "2009.11.15"]
[Round "2"]
[White "dabodhi"]
[Black "carolinaknight"]
[Result "1-0"]
[WhiteElo "1182"]
[BlackElo "1203"]
[Opening "French: exchange variation"]
[ECO "C01"]
[Time "14:00:58"]
[TimeControl "2700+45"]

1. e4 e6 2. d4 d5 3. exd5 exd5 4. c4 c6 5. Nf3 Bf5 6. Nc3 Nf6 7. Bf4 Bb4 8. Rc1
Nbd7 9. a3 Bxc3+ 10. Rxc3 O-O 11. Ng5 h6 12. Nf3 Ne4 13. Re3 Re8 14. Ne5 Ndf6
15. h3 Nd6 16. Rg3 Nde4 17. Qf3 Nxg3 18. Qxg3 Nh5 19. Qe3 Nxf4 20. Qxf4 Qc8 21.
g4 Bg6 22. Be2 Re7 23. h4 Qc7 24. h5 Be4 25. Rg1 Qb6 26. Qd2 Qc7 27. Qf4 Rae8
28. g5 Kh7 29. gxh6 Rg8 30. Rxg7+ Rxg7 31. hxg7 Qd8 32. h6 Qa5+ 33. Kf1 Qb6 34.
g8=Q+ Kxg8 35. Qg5+ Kf8 36. Qg7+ Ke8 37. h7 {Black resigns} 1-0

[Event "Team 45 45 League T43"]
[Site "Internet Chess Club"]
[Date "2009.11.09"]
[Round "2"]
[White "Graybeard"]
[Black "aapt"]
[Result "1-0"]
[WhiteElo "1162"]
[BlackElo "1002"]
[Opening "Sicilian: closed"]
[ECO "B23"]
[Time "14:00:27"]
[TimeControl "2700+45"]

1. e4 c5 2. Nc3 a6 3. d3 e6 4. b3 Nc6 5. Bb2 d6 6. Nf3 Nf6 7. Be2 Be7 8. O-O O-O
9. Qd2 e5 10. Nd5 Nxd5 11. exd5 Nd4 12. Nxd4 cxd4 13. c3 Re8 14. Rfe1 Bg5 15.
Qd1 Bf6 16. c4 e4 17. Bg4 e3 18. Bxc8 Rxc8 19. Bc1 exf2+ 20. Kxf2 Bh4+ 21. g3
Rxe1 22. Qxe1 Qf6+ 23. Kg2 Bg5 24. Bxg5 Qxg5 25. Qe2 h6 26. h4 Qf6 27. Rf1 Qd8
28. Qf2 Rc7 29. Qxd4 Re7 30. Qf2 Qe8 31. Kh3 Qd7+ 32. Kg2 Qg4 33. Re1 Rxe1 34.
Qxe1 Kh7 35. Qe4+ f5 36. Qxg4 fxg4 37. Kf2 Kg6 38. Ke3 Kf5 39. d4 b6 40. b4 g5
41. h5 Kf6 42. Ke4 Kg7 43. Kf5 Kf7 44. c5 bxc5 45. bxc5 Ke7 46. Kg6 dxc5 47.
dxc5 a5 48. Kxh6 Kf6 49. c6 Ke7 50. Kg6 a4 51. h6 {Black resigns} 1-0

[Event "Team 45 45 League T43"]
[Site "Internet Chess Club"]
[Date "2009.11.07"]
[Round "2"]
[White "SugarIslander"]
[Black "AVEMARIA"]
[Result "1/2-1/2"]
[WhiteElo "1685"]
[BlackElo "1724"]
[Opening "QGD Slav: Dutch variation"]
[ECO "D18"]
[Time "13:00:39"]
[TimeControl "2700+45"]

1. d4 d5 2. c4 c6 3. Nf3 Nf6 4. Nc3 dxc4 5. a4 Bf5 6. e3 e6 7. Bxc4 Bb4 8. O-O
Nbd7 9. Qb3 a5 10. Na2 Qe7 11. Nxb4 Qxb4 12. Qxb4 axb4 13. Bd2 Nb6 14. Bb3 Nbd5
15. Rfc1 O-O 16. Ne5 Rfd8 17. f3 Bg6 18. Nxg6 hxg6 19. Rc4 Ra6 20. e4 b5 21. Rc5
Nc7 22. Be3 bxa4 23. Rxa4 Rda8 24. Rxa6 Rxa6 25. Rc1 Nfe8 26. Bc4 Ra4 27. b3 Ra3
28. Bd2 Na6 29. Bxa6 Rxa6 30. Bxb4 Rb6 31. Be1 Nd6 32. b4 f5 33. e5 Nb5 34. Bf2
Ra6 35. f4 Ra4 36. g3 Rxb4 37. Rxc6 Nxd4 38. Bxd4 Rxd4 39. Rxe6 Rd1+ 40. Kg2 Kf7
41. Ra6 Rd2+ 42. Kh3 Re2 43. Ra7+ Kg8 44. Ra1 g5 45. Rh1 Kf7 46. fxg5 Rxe5 47.
Rf1 Kg6 48. Kh4 Re4+ 49. Rf4 Re2 50. h3 Re8 51. g4 Rh8+ 52. Kg3 fxg4 53. Kxg4
Rd8 54. h4 Rd1 55. h5+ Kh7 56. Rf3 Rd4+ 57. Rf4 Rd1 58. Re4 Rg1+ 59. Kf5 Rf1+
60. Ke6 Rh1 61. g6+ Kh6 62. Re5 Rxh5 63. Rxh5+ Kxh5 64. Kf5 Kh6 65. Kf4 Kxg6 66.
Kg4 Kf6 67. Kf4 g5+ 68. Kg4 Kg6 69. Kg3 Kf5 70. Kf3 g4+ 71. Kg3 Kg5 72. Kg2 Kf4
73. Kf2 g3+ 74. Kg2 Kg4 75. Kg1 Kf3 76. Kf1 g2+ {Game drawn by mutual agreement}
1/2-1/2

[Event "Team 45 45 League T43"]
[Site "Internet Chess Club"]
[Date "2009.11.09"]
[Round "2"]
[White "musk6868"]
[Black "oldsj"]
[Result "1-0"]
[WhiteElo "1659"]
[BlackElo "1613"]
[Opening "KGD: Falkbeer, 3...e4"]
[ECO "C32"]
[Time "19:18:24"]
[TimeControl "2700+45"]

1. e4 e5 2. f4 d5 3. exd5 e4 4. Nc3 Nf6 5. Bc4 Bc5 6. Nge2 Qe7 7. d4 exd3 8.
Qxd3 O-O 9. Bd2 Ng4 10. Rf1 Qh4+ 11. Qg3 Qxh2 12. O-O-O Bf5 13. Qf3 Qh6 14. Ng3
Qg6 15. Nxf5 Qxf5 16. Bd3 Qd7 17. Ne4 Be7 18. Qh3 Nf6 19. Nxf6+ {Black resigns}
1-0

[Event "Team 45 45 League T43"]
[Site "Internet Chess Club"]
[Date "2009.11.07"]
[Round "2"]
[White "sra66"]
[Black "GadsHill"]
[Result "1-0"]
[WhiteElo "1585"]
[BlackElo "1526"]
[Opening "English opening"]
[ECO "A13"]
[Time "20:12:41"]
[TimeControl "2700+45"]

1. c4 e6 2. g3 Nf6 3. Bg2 d5 4. Nc3 c5 5. cxd5 exd5 6. d4 Nc6 7. e3 Be7 8. Nge2
O-O 9. O-O Re8 10. a3 Bf8 11. dxc5 Bxc5 12. Nxd5 Bg4 13. Nxf6+ Qxf6 14. Qc2 Bxe2
15. Qxe2 Rad8 16. Qb5 Bb6 17. Rb1 Re5 18. Qe2 Nd4 19. Qd1 Nf5 20. Bd2 Nxe3 21.
fxe3 Bxe3+ 22. Bxe3 Rxd1 23. Rbxd1 Qe7 24. Bxa7 Re2 25. b4 h6 26. Bc5 Qe5 27.
Bf3 Rc2 28. Rfe1 Qf6 29. Re8+ Kh7 30. Be4+ g6 31. Bxc2 {Black resigns} 1-0

[Event "Team 45 45 League T43"]
[Site "Internet Chess Club"]
[Date "2009.11.07"]
[Round "2"]
[White "AngryPirate"]
[Black "Just-Jim"]
[Result "1-0"]
[WhiteElo "1460"]
[BlackElo "1467"]
[Opening "KGD: 2...Nf6"]
[ECO "C30"]
[Time "13:31:08"]
[TimeControl "2700+45"]

1. e4 e5 2. f4 Nf6 3. Nf3 Nxe4 4. fxe5 Bc5 5. d4 Be7 6. Bd3 Ng5 7. O-O d5 8.
exd6 cxd6 9. Nxg5 Bxg5 10. Re1+ Be7 11. Qe2 Nc6 12. Bb5 a6 13. Bxc6+ bxc6 14.
Bg5 f6 15. Bf4 O-O 16. Qxe7 Qb6 17. Bxd6 Qxd4+ 18. Kh1 Bf5 19. Nc3 Rae8 20. Qxe8
Rxe8 21. Rxe8+ Kf7 22. Re7+ Kg6 23. Rd1 Qg4 24. Re3 Qc4 25. Rg3+ Kf7 26. Re1 g5
27. Rf3 Kg6 28. Ref1 Bxc2 29. Rxf6+ Kh5 30. Bf8 Bg6 31. R6f3 Bd3 32. Re1 Kg6 33.
Ba3 g4 34. Rg3 h5 35. h3 Kf5 36. hxg4+ hxg4 37. Bd6 Qd4 38. Rd1 Qxd6 39. Rgxd3
Qh6+ 40. Kg1 Qh4 41. Rf1+ Ke5 42. g3 Qh7 43. Re1+ Kf5 44. Rd4 Qa7 45. Rd1 Qb6
46. b3 Qa5 47. Rd5+ Qxd5 48. Nxd5 cxd5 49. Rxd5+ Ke4 50. Ra5 Kf3 51. Kh2 Kf2 52.
Rxa6 {Black resigns} 1-0

[Event "Team 45 45 League T43"]
[Site "Internet Chess Club"]
[Date "2009.11.08"]
[Round "2"]
[White "Salvatore"]
[Black "zepled37"]
[Result "0-1"]
[WhiteElo "1637"]
[BlackElo "1713"]
[Opening "Richter-Veresov attack, Veresov variation"]
[ECO "D01"]
[Time "18:00:19"]
[TimeControl "2700+45"]

1. d4 d5 2. Nc3 Nf6 3. Bg5 Bf5 4. Bxf6 exf6 5. e3 c6 6. Bd3 Be6 7. Nge2 Bd6 8.
Qd2 Qc7 9. O-O-O a6 10. Ng3 g6 11. e4 Bf4 12. exd5 Bxd2+ 13. Rxd2 Bxd5 14. Re1+
Kf8 15. Kb1 Kg7 16. Rde2 Be6 17. h4 Nd7 18. h5 Nb6 19. Nge4 Nd5 20. h6+ Kxh6 21.
Nxd5 cxd5 22. Nc5 Rhe8 23. Rh1+ Kg7 24. f3 Bd7 25. Rf2 Bb5 26. g4 Qg3 27. Rff1
Bxd3 28. Nxd3 Re2 29. f4 Rae8 30. g5 R8e6 31. f5 gxf5 32. gxf6+ Kxf6 33. a3 Qc7
34. c3 R6e3 35. Nb4 Qd7 36. Nc2 Re4 37. Rxh7 Qb5 38. Rc1 Qd3 39. Rhh1 Rxc2 40.
Rxc2 Re2 41. Rc1 Rxc2 42. Rxc2 f4 43. b3 f3 44. Kb2 Qxc2+ {White resigns} 0-1

[Event "Team 45 45 League T43"]
[Site "Internet Chess Club"]
[Date "2009.11.07"]
[Round "2"]
[White "Berke"]
[Black "BrerRabbit"]
[Result "1-0"]
[WhiteElo "1679"]
[BlackElo "1550"]
[Opening "Pirc: classical, h3 system"]
[ECO "B08"]
[Time "15:02:11"]
[TimeControl "2700+45"]

1. e4 d6 2. Nf3 Nf6 3. Nc3 g6 4. d4 Bg7 5. h3 O-O 6. Be3 a6 7. Bc4 b5 8. Bb3 Bb7
9. e5 dxe5 10. Nxe5 e6 11. O-O Nbd7 12. Bg5 h6 13. Bh4 Qc8 14. Qe2 c5 15. Nxd7
Nxd7 16. dxc5 Nxc5 17. Be7 Re8 18. Bxc5 Qxc5 19. Ne4 Qc6 20. f3 Bxb2 21. Rad1
Red8 22. c4 bxc4 23. Qxb2 cxb3 24. axb3 Qb6+ 25. Kh1 Bxe4 26. fxe4 Rab8 27. Qf6
Qc7 28. Ra1 a5 29. Rac1 Qd6 30. Qxf7+ Kh8 31. Qxg6 e5 32. Rf6 Qd2 33. Rc7 Rd7
34. Rf7 Rxf7 35. Rxf7 Rb7 36. Qh7# {Black checkmated} 1-0

[Event "Team 45 45 League T43"]
[Site "Internet Chess Club"]
[Date "2009.11.07"]
[Round "2"]
[White "sly20"]
[Black "milesotoole"]
[Result "1-0"]
[WhiteElo "1540"]
[BlackElo "1331"]
[Opening "Queen's pawn"]
[ECO "A40"]
[Time "22:32:37"]
[TimeControl "2700+45"]

1. d4 c6 2. Nc3 d5 3. Bg5 Nf6 4. f3 Bf5 5. g4 Bg6 6. Qd2 Nbd7 7. h4 h6 8. Bf4 e6
9. O-O-O Bb4 10. h5 Bh7 11. g5 hxg5 12. Bxg5 Qa5 13. Kb1 Nb6 14. Bxf6 Na4 15.
Qe3 Nxc3+ 16. bxc3 Bxc3 17. Rd3 Qb4+ 18. Kc1 Qb2+ 19. Kd1 Bxd3 20. exd3 gxf6 21.
Ne2 Qb1+ 22. Nc1 Ke7 23. f4 Rh7 24. f5 Rah8 25. fxe6 fxe6 26. Bh3 Kd7 27. Bxe6+
Kc7 28. h6 Bb2 29. Kd2 Bxc1+ 30. Rxc1 Qxa2 31. Rh1 Qa3 32. Qf4+ Qd6 33. Qxf6 a5
34. c4 a4 35. Qg7+ Kb8 36. Qf6 a3 37. c5 Qc7 38. Bf5 Qf4+ 39. Kc3 Rxh6 40. Rxh6
Qc1+ 41. Kb3 Qb1+ 42. Kxa3 Rxh6 43. Qxh6 Qa1+ 44. Kb3 Qxd4 45. Qd6+ Ka7 46. Kc2
Qf2+ 47. Kc3 Qxf5 48. Qc7 Qe5+ 49. Qxe5 Ka6 50. Qc7 {Black resigns} 1-0

[Event "Team 45 45 League T43"]
[Site "Internet Chess Club"]
[Date "2009.11.05"]
[Round "2"]
[White "SeniorCitizen"]
[Black "orrgroup"]
[Result "0-1"]
[WhiteElo "1252"]
[BlackElo "1398"]
[Opening "Danish gambit"]
[ECO "C21"]
[Time "15:00:28"]
[TimeControl "2700+45"]

1. e4 e5 2. d4 exd4 3. c3 dxc3 4. Bc4 Qf6 5. Nxc3 Bc5 6. Nf3 Ne7 7. Bg5 Qg6 8.
O-O O-O 9. Qd5 Bb4 10. Bxe7 Bxe7 11. Ne5 c6 12. Nxg6 cxd5 13. Nxf8 dxc4 14. Nxh7
Kxh7 15. Rad1 Nc6 16. Nd5 Bf8 17. Ne3 b5 18. Rd5 a6 19. Nf5 Nb4 {White resigns}
0-1

[Event "Team 45 45 League T43"]
[Site "Internet Chess Club"]
[Date "2009.11.09"]
[Round "2"]
[White "chips"]
[Black "Skylab"]
[Result "0-1"]
[WhiteElo "1176"]
[BlackElo "1334"]
[Opening "Réti opening"]
[ECO "A11"]
[Time "15:00:27"]
[TimeControl "2700+45"]

1. Nf3 d5 2. c4 c6 3. e3 Nf6 4. Nc3 Bg4 5. Qb3 Qc8 6. cxd5 cxd5 7. Ne5 Be6 8. d4
Nc6 9. Nxc6 bxc6 10. Bd3 Bd7 11. Na4 e6 12. O-O Be7 13. Bc2 O-O 14. Qd3 c5 15.
Nc3 c4 16. Qd1 Bd6 17. f4 Bc6 18. Qf3 Bb4 19. a3 Bxc3 20. bxc3 Ne4 21. Bxe4 dxe4
22. Qe2 Bd5 23. a4 Rb8 24. Ba3 Re8 25. Bc5 a6 26. Rab1 Rb3 27. Rfc1 Qb8 28. Bb4
Rxb1 29. Rxb1 a5 30. Rb2 axb4 31. Rxb4 Qa8 32. Qa2 Rb8 33. Qa3 h6 34. h3 g5 35.
fxg5 hxg5 36. a5 f5 37. a6 Rxb4 38. cxb4 Qc8 39. b5 c3 40. b6 c2 41. b7 Bxb7 42.
axb7 Qxb7 43. Kh2 Qc7+ 44. g3 c1=Q 45. Qa8+ Kg7 {White resigns} 0-1